 Dungeon Crawl Stone Soup version 0.25.1-8-g42b30a86e7 (webtiles) character file.

Game seed: 11137718803466678748

38 Azimut41r the Bolt Thrower (level 3, -3/24 HPs)
             Began as a Halfling Hunter on Dec 12, 2020.
             Slain by Sigmund
             ... wielding a +0 scythe
              (10 damage)
             ... on level 2 of the Dungeon.
             The game lasted 00:07:10 (1066 turns).

Azimut41r the Bolt Thrower (Halfling Hunter)        Turns: 1066, Time: 00:07:10

Health: -3/24      AC:  4    Str: 13    XL:     3   Next: 65%
Magic:  3/3        EV: 14    Int:  9    God:
Gold:   77         SH:  0    Dex: 15    Spells: 2/2 levels left

rFire    . . .     SeeInvis .   a - +1 hand crossbow
rCold    . . .     Gourm    .   (shield restricted)
rNeg     . . .     Faith    .   c - +0 leather armour
rPois    .         Spirit   .   (no helmet)
rElec    .         Reflect  .   (no cloak)
rCorr    .         Harm     .   o - +0 pair of gloves
MR       .....                  (no boots)
Stlth    +.........             (no amulet)
HPRegen  0.08/turn              (no ring)
MPRegen  0.08/turn              (no ring)

@: confused
A: small, mutation resistance 1
a: no special abilities


You were on level 2 of the Dungeon.
You were not hungry.

You visited 1 branch of the dungeon, and saw 2 of its levels.

You collected 77 gold pieces.

Inventory:

Hand Weapons
 a - a +1 hand crossbow (weapon)
 b - a +0 short sword
 i - a cursed -1 whip
Missiles
 t - 4 boomerangs (quivered)
Armour
 c - a +0 leather armour (worn)
 o - a +0 pair of gloves (worn)
 p - a +0 leather armour
Jewellery
 l - a +6 ring of intelligence {unknown}
 n - an uncursed amulet of faith {unknown}
Wands
 g - a wand of digging (3)
 u - a wand of iceblast (10)
Scrolls
 h - a scroll of remove curse {unknown}
 j - a scroll of teleportation {unknown}
 k - a scroll of noise {unknown}
 m - 2 scrolls of identify {unknown}
 s - 2 scrolls of blinking {unknown}
Potions
 e - a potion of curing {unknown}
 q - 2 potions of stabbing {unknown}
Comestibles
 f - 5 rations
 r - 4 chunks of flesh


   Skills:
 + Level 2.3 Fighting
 + Level 5.2 Crossbows
 + Level 0.2 Armour
 + Level 2.2 Dodging
 + Level 1.1 Stealth


You had 2 spell levels left.
You didn't know any spells.
Your spell library was empty.

Dungeon Overview and Level Annotations

Branches:
Dungeon (2/15)

Altars:

Annotations:
D:2 Sigmund


Innate Abilities, Weirdness & Mutations

You are small and have problems with some larger weapons.
You are somewhat resistant to further mutation.


Message History

* * * LOW HITPOINT WARNING * * *
Sigmund misses you.
Press: ? - help, v - describe, . - travel
Here: Sigmund, wielding a +0 scythe and wearing a +0 robe (severely wounded)
The floor.
There are monsters nearby!
You don't know any spells.
Firing (i - inventory. (/) - cycle)
d - a bolt (quivered)
Press: ? - help, Shift-Dir - straight line, f/p - Sigmund
Aim: Sigmund, wielding a +0 scythe and wearing a +0 robe (severely wounded)
You shoot a bolt.
A goblin comes into view. It is wielding a +0 club.
The goblin shouts!
The goblin throws a stone.
The stone closely misses you.
The stone hits Sigmund but does no damage.
Sigmund closely misses you. The hobgoblin barely misses you.
You're too confused to move!
The goblin throws a stone.
The stone misses you.
The stone barely misses Sigmund.
Sigmund hits you from afar with a +0 scythe!
You die...

#.. .. #..# ..
..##. . ..... #.
#..g# .###>#.#
..#.#)# #.#.#.###
###.#(..@(#
#........g##
#.......@..#
#........w(#
####...........#
#.##...........(#.#
#.#..##....$...(#.#
#.#.###.........(.#
#.#.# ##########...


You could see Sigmund, a dart slug, a hobgoblin and a goblin.

Vanquished Creatures
  A worm (D:2)
  2 dart slugs (D:1)
  A ball python (D:1)
  A giant cockroach (D:1)
  3 goblins (D:1)
  4 hobgoblins
  6 jackals
  2 kobolds
  6 bats
  A rat (D:1)
27 creatures vanquished.

Notes
Turn   | Place    | Note
-------+----------+-------------------------------------------
     0 | D:1      | Azimut41r the Halfling Hunter began the quest for the Orb.
     0 | D:1      | Reached XP level 1. HP: 14/14 MP: 1/1
   170 | D:1      | Reached XP level 2. HP: 19/19 MP: 2/2
   518 | D:1      | Reached skill level 5 in Crossbows
   523 | D:1      | Reached XP level 3. HP: 21/24 MP: 3/3
  1051 | D:2      | Noticed Sigmund
  1066 | D:2      | Slain by Sigmund

Illustrated notes

Levels and vault maps discovered:
D:1:      shiori_arrival_maze, layout_basic, minmay_tromino_v4_a
D:2:      layout_rooms, first_ration, uniq_sigmund

Skill      XL: |  1  2 |
---------------+-------+-----
Fighting       | 2 |  2.3
Crossbows      | 5 |  5.2
Armour         | |  0.2
Dodging        | |  2.2
Stealth        | |  1.1

Action                   || total
-------------------------++-------
 Fire: Hand crossbow     ||    61
Armor: Leather armour    ||     6
Dodge: Dodged            ||    16
